 Dungeon Sprint DCSS version 0.27-a0-74-gebd156f8b4 (webtiles) character file.

Game seed: 15334658237537775215

100 rocky1 the Grasshopper (level 4, -10/39 HPs)
             Began as a Gnoll Warper on Jan 12, 2021.
             Mangled by a water elemental (18 damage)
             ... in the Dungeon (Sprint III: "The Ten Rune Challenge").
             The game lasted 00:02:22 (388 turns).

rocky1 the Grasshopper (Gnoll Warper)                Turns: 388, Time: 00:02:24

Health: -10/39     AC:  3    Str: 14    XL:     4   Next: 73%
Magic:  11/11      EV: 14    Int: 16    God:
Gold:   34         SH:  0    Dex: 14    Spells: 14/14 levels left

rFire    + . .     SeeInvis .   a - +0 falchion
rCold    . . .     Faith    .   (no shield)
rNeg     . . .     Spirit   .   b - +0 leather armour
rPois    .         Reflect  .   (no helmet)
rElec    .         Harm     .   (no cloak)
rCorr    .         Rampage  .   (no gloves)
Will     +....     NoTele   +   (no boots)
Stlth    ++........             (no amulet)
HPRegen  0.13/turn              (no ring)
MPRegen  0.12/turn              (no ring)

@: engulfed (cannot breathe)
A: distributed training, fangs 1, fire resistance 1, strong-willed 1, MP-powered
wands, strong nose
a: no special abilities


You were in the Dungeon.
You visited 1 branch You collected 34 gold pieces.

Inventory:

Hand Weapons
 a - a +0 falchion (weapon)
Missiles
 e - 5 boomerangs of dispersal (quivered)
Armour
 b - a +0 leather armour (worn)
Scrolls
 c - 2 scrolls of immolation {unknown}
 d - 2 scrolls of blinking
 f - 3 scrolls of identify
 g - 3 scrolls of remove curse
Potions
 h - 2 potions of mutation
 i - 3 potions of magic
 j - a potion of heal wounds
 k - a potion of flight {unknown}


   Skills:
 + Level 5.4 Fighting
 + Level 2.9 Short Blades
 + Level 5.4 Long Blades
 + Level 2.9 Axes
 + Level 2.9 Maces & Flails
 + Level 2.9 Polearms
 + Level 2.9 Staves
 + Level 2.9 Slings
 + Level 2.9 Bows
 + Level 2.9 Crossbows
 + Level 3.9 Throwing
 + Level 3.9 Armour
 + Level 5.4 Dodging
 + Level 2.9 Stealth
 + Level 2.9 Shields
 + Level 2.9 Unarmed Combat
 + Level 5.8 Spellcasting
 + Level 2.3 Conjurations
 + Level 2.3 Hexes
 + Level 2.3 Summonings
 + Level 2.3 Necromancy
 + Level 6.0 Translocations
 + Level 2.3 Transmutations
 + Level 2.3 Fire Magic
 + Level 2.3 Ice Magic
 + Level 2.3 Air Magic
 + Level 2.3 Earth Magic
 + Level 2.3 Poison Magic
 + Level 3.2 Invocations
 + Level 2.9 Evocations


You had 14 spell levels left.
You didn't know any spells.
Your spell library contained the following spells:

 Spells                   Type           Power        Failure   Level
 Blink                    Tloc           N/A          2%          2
 Gell's Gravitas          Tloc           11%          4%          3
 Lesser Beckoning         Tloc           11%          4%          3
 Teleport Other           Tloc           23%          4%          3
 Passage of Golubria      Tloc           N/A          14%         4


Dungeon Overview and Level Annotations

Branches:
Dungeon (1/1)

Altars:


Innate Abilities, Weirdness & Mutations

Your experience applies equally to all skills.
You have very sharp teeth.
Your uncanny sense of smell can sniff out nearby items.
Your flesh is heat resistant. (rF+)
You are strong-willed. (Will+)
You expend magic power (3 MP) to strengthen your wands.


Message History

The water elemental hits you! The water elemental hits you.
You hit the water elemental.
The water elemental is lightly damaged.
The water elemental hits you.
The water elemental engulfs you in water!
You hit the water elemental.
The water elemental is moderately damaged.
Your lungs strain for air!
The water elemental barely misses you.
You closely miss the water elemental.
The water elemental is moderately damaged.
Your lungs strain for air!
The water elemental misses you.
You hit the water elemental but do no damage.
You bite the water elemental, but do no damage.
The water elemental is moderately damaged.
* * * LOW HITPOINT WARNING * * *
Your lungs strain for air!
The water elemental hits you!!
You die...

▓▓▓▓▓▓▓▓ ▓▓▓ <..#...####
##.# ...#......#####..#
..##.......#..#..#∆
##.##.##...#..#..# #+#+#
##.##.###..##'#..#......
#.####.##.[###..@E.⌠....
.###..##..####...#...###
#.....##..###....# ⌠.#
###..##...##.....# .#∆
##..##....#......# #
#..###..##†#..†..# ∆∆
#..# #..#####....# ▓▓▓▓
▓▓▓▓ ▓▓▓▓▓▓


You could see a water elemental.

Vanquished Creatures
  A scorpion (D)
  Jessica (D)
  A human (D)
  2 oozes (D)
  A rat (D)
6 creatures vanquished.

Notes
Turn   | Place    | Note
-------+----------+-------------------------------------------
     0 | D        | rocky1 the Gnoll Warper began the quest for the Orb.
     0 | D        | Reached XP level 1. HP: 20/20 MP: 6/6
    13 | D        | Reached skill level 5 in Spellcasting
    13 | D        | Reached skill level 1 in Invocations
    17 | D        | Reached skill level 1 in Short Blades
    17 | D        | Reached skill level 1 in Axes
    17 | D        | Reached skill level 1 in Maces & Flails
    17 | D        | Reached skill level 1 in Polearms
    17 | D        | Reached skill level 1 in Staves
    17 | D        | Reached skill level 1 in Slings
    17 | D        | Reached skill level 1 in Bows
    17 | D        | Reached skill level 1 in Crossbows
    17 | D        | Reached skill level 1 in Stealth
    17 | D        | Reached skill level 1 in Shields
    17 | D        | Reached skill level 1 in Unarmed Combat
    17 | D        | Reached skill level 1 in Evocations
    17 | D        | Reached XP level 2. HP: 23/26 MP: 8/8
    64 | D        | Reached skill level 1 in Conjurations
    64 | D        | Reached skill level 1 in Hexes
    64 | D        | Reached skill level 1 in Summonings
    64 | D        | Reached skill level 1 in Necromancy
    64 | D        | Reached skill level 1 in Transmutations
    64 | D        | Reached skill level 1 in Fire Magic
    64 | D        | Reached skill level 1 in Ice Magic
    64 | D        | Reached skill level 1 in Air Magic
    64 | D        | Reached skill level 1 in Earth Magic
    64 | D        | Reached skill level 1 in Poison Magic
    70 | D        | Noticed Jessica
    83 | D        | Killed Jessica
    84 | D        | Reached skill level 5 in Fighting
    84 | D        | Reached skill level 5 in Long Blades
    84 | D        | Reached skill level 5 in Dodging
    84 | D        | Reached XP level 3. HP: 20/33 MP: 9/9
   240 | D        | Noticed a scorpion
   260 | D        | Killed a scorpion
   261 | D        | Reached skill level 6 in Translocations
   261 | D        | Reached XP level 4. HP: 14/39 MP: 11/11
   271 | D        | Gained mutation: You are weak. (Str -2) [potion of
                  | mutation]
   271 | D        | Gained mutation: You are strong-willed. (Will+) [potion of
                  | mutation]
   272 | D        | Lost mutation: You are weak. (Str -2) [potion of mutation]
   272 | D        | Gained mutation: Your flesh is heat resistant. (rF+)
                  | [potion of mutation]
   272 | D        | Gained mutation: You expend magic power (3 MP) to
                  | strengthen your wands. [potion of mutation]
   381 | D        | Noticed a water elemental
   388 | D        | Mangled by a water elemental

Illustrated notes

Levels and vault maps discovered:
D:        dungeon_sprint_mu [sprint_mu_entry_cave, sprint_mu_temple_rooms,
          sprint_mu_d1_spiders, sprint_mu_d2_genie, sprint_mu_d3_branching,
          sprint_mu_orc_legion, sprint_mu_elf_gauntlet, sprint_mu_hive_nellie,
          sprint_mu_lair_fedhas, sprint_mu_vaults_butterflies,
          sprint_mu_slime_circle, sprint_mu_shoals_kraken,
          sprint_mu_snake_twists, sprint_mu_blade_basic,
          sprint_mu_crypt_fortress, sprint_mu_tomb_spiral,
          sprint_mu_vestibule_basic, sprint_mu_gehenna_hellfire,
          sprint_mu_dis_giant, sprint_mu_tartarus_statrot,
          sprint_mu_cocytus_islands, sprint_mu_zot1]

Skill      XL: |  1  2  3 |
---------------+----------+-----
Spellcasting   | 5 |  5.8
Invocations    | 1 2 3 |  3.2
Short Blades   | 1 2 |  2.9
Axes           | 1 2 |  2.9
Maces & Flails | 1 2 |  2.9
Polearms       | 1 2 |  2.9
Staves         | 1 2 |  2.9
Slings         | 1 2 |  2.9
Bows           | 1 2 |  2.9
Crossbows      | 1 2 |  2.9
Stealth        | 1 2 |  2.9
Shields        | 1 2 |  2.9
Unarmed Combat | 1 2 |  2.9
Evocations     | 1 2 |  2.9
Conjurations   | 1 2 |  2.3
Hexes          | 1 2 |  2.3
Summonings     | 1 2 |  2.3
Necromancy     | 1 2 |  2.3
Transmutations | 1 2 |  2.3
Fire Magic     | 1 2 |  2.3
Ice Magic      | 1 2 |  2.3
Air Magic      | 1 2 |  2.3
Earth Magic    | 1 2 |  2.3
Poison Magic   | 1 2 |  2.3
Fighting       | 5 |  5.4
Long Blades    | 5 |  5.4
Throwing       | 3 |  3.9
Armour         | 3 |  3.9
Dodging        | 5 |  5.4
Translocations | 6 |  6.0

Action                   |  1- 3 |  4- 6 || total
-------------------------+-------+-------++-------
Melee: Falchion          |    60 |     6 ||    66
       Bite              |    15 |     3 ||    18
  Use: Potion            |     3 |     4 ||     7
 Stab: Sleeping          |     1 |       ||     1
Armor: Leather armour    |     7 |       ||     7
Dodge: Dodged            |    27 |     2 ||    29
       Rpst.: Falchion   |    12 |       ||    12

Table legend: (Time is in decaauts)
 A = Elapsed time spent in this place.
 B = Non-inter-level travel time spent in this place.
 C = Inter-level travel time spent in this place.
 D = Time resting spent in this place.
 E = Time spent auto-exploring this place.
 F = Levels seen in this place.
 G = Mean time per level.
                   A        B        C        D        E       F      G
               +--------+--------+--------+--------+--------+-----+--------+
         Total |    386 |    386 |      0 |    240 |      0 |   1 |  386.0 |
       Dungeon |    386 |    386 |      0 |    240 |      0 |   1 |  386.0 |
               +--------+--------+--------+--------+--------+-----+--------+

Top non-repeatable levels by time:
       D: 386 daAuts
